 Dungeon Crawl Stone Soup version 0.27-a0-1200-g94dc6ad4cf (webtiles) character file.

Game seed: 18218964186632620907

119 bande the Covered (level 5, -1/33 HPs)
             Began as a Gargoyle Fighter on June 2, 2021.
             Killed from afar by Natasha (7 damage)
             ... with a magic dart
             ... on level 2 of the Dungeon.
             The game lasted 00:02:31 (1321 turns).

bande the Covered (Gargoyle Fighter)                Turns: 1321, Time: 00:02:32

Health: -1/33      AC: 11    Str: 19    XL:     5   Next: 3%
Magic:  5/5        EV:  7    Int:  9    God:
Gold:   43         SH:  9    Dex: 10    Spells: 4/4 levels left

rFire    . . .     SeeInvis .   a - +0 war axe
rCold    . . .     Faith    .   c - +0 kite shield
rNeg     + + .     Spirit   .   b - +0 scale mail
rPois    ∞         Reflect  .   (no helmet)
rElec    +         Harm     .   (no cloak)
rCorr    .         Rampage  .   (no gloves)
Will     .....                  (no boots)
Stlth    ..........             (no amulet)
HPRegen  0.11/turn              f - ring of positive energy
MPRegen  0.09/turn              (no ring)

@: mighty
A: sickness immunity, AC +4, negative energy resistance 1, electricity
resistance, torment resistance 1, petrification resistance
a: no special abilities


You were on level 2 of the Dungeon.
You visited 1 branch of the dungeon, and saw 2 of its levels.

You collected 43 gold pieces.

Inventory:

Hand Weapons
 a - a +0 war axe (weapon)
Armour
 b - a +0 scale mail (worn)
 c - a +0 kite shield (worn)
Jewellery
 f - a ring of positive energy (left hand)
 g - a ring of ice
Potions
 e - a potion of flight {unknown}
 i - a potion of curing {unknown}
 j - a potion of lignification {unknown}


   Skills:
 + Level 3.7 Fighting
 + Level 3.0 Axes
 + Level 4.0 Armour
 + Level 1.2 Dodging
 + Level 3.9 Shields


You had 4 spell levels left.
You didn't know any spells.
Your spell library contained the following spells:

 Spells                   Type           Power      Damage    Failure   Level
 Animate Skeleton         Necr           0%         N/A       99%         1
 Pain                     Necr           0%         1d4       99%         1
 Vampiric Draining        Necr           0%         2d6       100%        3
 Animate Dead             Necr           0%         N/A       100%        4
 Agony                    Necr           0%         N/A       100%        5


Dungeon Overview and Level Annotations

Branches:
Dungeon (2/15)

Altars:

Annotations:
D:2 Natasha


Innate Abilities, Weirdness & Mutations

You are immune to sickness and miasma.
Your stone body is resilient. (AC +4)
You are immune to poison.
You resist negative energy. (rN+)
You are resistant to electric shocks. (rElec)
You are resistant to unholy torment.
You are immune to petrification.


Message History

The gnoll shouts!
The gnoll hits you from afar with a +0 spear.
You block the gnoll's attack.
You feel very mighty all of a sudden. The gnoll hits you with a +0 flail!
The gnoll hits you but does no damage. x2
The gnoll barely misses you.
Unknown command.
You barely miss the gnoll. You slash the gnoll! x2
Your scale mail prevents you from hitting the gnoll.
You block the gnoll's attack. The gnoll hits you but does no damage.
The gnoll barely misses you. The gnoll hits you but does no damage.
You block the gnoll's attack. The gnoll hits you with a +0 club.
Unknown command.
You slash the gnoll!
You kill the gnoll!
You slash the gnoll!
You kill the gnoll!
You slash the gnoll!
You kill the gnoll!
You slash the gnoll! You block the gnoll's attack.
Natasha, Servant of Life and Death comes into view.
You block the gnoll's attack.
Your Armour skill increases to level 4!
Natasha hisses angrily.
You block the gnoll's attack.
Things that are here:
a +0 flail; a gnoll corpse You slice the gnoll!!
You kill the gnoll!
Your Axes skill increases to level 3!
You have reached level 5!
Natasha drinks a potion.
Natasha seems to grow stronger.
Natasha howls an incantation.
Natasha shimmers violently.
Natasha claws you.
* * * LOW HITPOINT WARNING * * *
You barely miss Natasha.
Natasha stares at you and mumbles some strange words.
The magic dart hits you!
You die...

#..#... .
#....#.# .. ..
....... ##.# #..
...#.# .
#...###..#.#
.........#.#
#.)).#.##.#..
+............
#..))@###...
.........h...#
#..............#
#..#####..#..#.#
#.. #..#.... #.
.... .... #
##... #.. #.. ..


You could see Natasha (strong).

Vanquished Creatures
  Natasha (twice) (D:2)
  4 gnolls (D:2)
  3 bats (D:1)
  3 endoplasms (D:1)
  2 giant cockroaches (D:1)
  2 hobgoblins (D:1)
  2 quokkas (D:1)
  4 ball pythons (D:1)
  2 frilled lizards (D:1)
  5 goblins (D:1)
  2 kobolds (D:1)
  2 rats (D:1)
33 creatures vanquished.

Notes
Turn   | Place    | Note
-------+----------+-------------------------------------------
     0 | D:1      | bande the Gargoyle Fighter began the quest for the Orb.
     0 | D:1      | Reached XP level 1. HP: 14/14 MP: 1/1
   147 | D:1      | Found a faded altar of an unknown god.
   173 | D:1      | Reached XP level 2. HP: 19/19 MP: 2/2
   588 | D:1      | Reached XP level 3. HP: 21/23 MP: 3/3
   971 | D:2      | Noticed Natasha
  1173 | D:2      | Killed Natasha
  1190 | D:2      | Noticed Natasha
  1197 | D:2      | Killed Natasha
  1198 | D:2      | Reached skill level 1 in Dodging
  1198 | D:2      | Reached XP level 4. HP: 19/28 MP: 4/4
  1316 | D:2      | Noticed Natasha
  1317 | D:2      | Reached skill level 4 in Armour
  1319 | D:2      | Reached XP level 5. HP: 12/33 MP: 5/5
  1321 | D:2      | Killed from afar by Natasha

Illustrated notes

Levels and vault maps discovered:
D:1:      dpeg_arrival_rooms_c, layout_loops_ring, basic_ecumenical_altar
D:2:      layout_basic, wander_ebering_terrifying_dragon_lair, uniq_natasha

Skill      XL: |  1  2  3  4 |
---------------+-------------+-----
Axes           | 2 3 |  3.0
Dodging        | 1 |  1.2
Armour         | 4 |  4.0
Fighting       | |  3.7
Shields        | |  3.9

Action                   |  1- 3 |  4- 6 || total
-------------------------+-------+-------++-------
Melee: War axe           |    71 |     4 ||    75
       Unarmed           |     1 |       ||     1
  Use: Scroll            |     1 |     1 ||     2
       Potion            |       |     1 ||     1
Armor: Scale mail        |    43 |     4 ||    47
       Skin              |     7 |       ||     7
Dodge: Dodged            |    51 |     2 ||    53
Block: Kite shield       |    45 |     6 ||    51

Table legend: (Time is in decaauts)
 A = Elapsed time spent in this place.
 B = Non-inter-level travel time spent in this place.
 C = Inter-level travel time spent in this place.
 D = Time resting spent in this place.
 E = Time spent auto-exploring this place.
 F = Levels seen in this place.
 G = Mean time per level.
                   A        B        C        D        E       F      G
               +--------+--------+--------+--------+--------+-----+--------+
         Total |   1382 |   1382 |      0 |    154 |    933 |   2 |  691.0 |
       Dungeon |   1382 |   1382 |      0 |    154 |    933 |   2 |  691.0 |
               +--------+--------+--------+--------+--------+-----+--------+

Top non-repeatable levels by time:
     D:1: 1145 daAuts
     D:2: 236 daAuts
